 Dungeon Crawl Stone Soup version 0.31.0-4-g52a2dc7128 (webtiles) character file.

Game seed: 1077253510471772000

4491 shmup the Arsonist (level 10, 0/61 HPs)
             Began as a Gargoyle Fire Elementalist on Jan 19, 2024.
             Was a Priest of Vehumet.
             Killed by an exploding wolf spider (61 damage)
             ... ignited by their inner flame
             ... on level 9 of the Dungeon on Jan 22, 2024.
             The game lasted 00:45:23 (10718 turns).

shmup the Arsonist (Gargoyle Fire Elementalist)    Turns: 10718, Time: 00:45:24

Health: 0/61       AC: 22    Str: 11    XL:     10   Next: 38%
Magic:  8/20       EV: 12    Int: 27    God:    Vehumet [***...]
Gold:   430        SH:  0    Dex: 10    Spells: 6/22 levels left

rFire   x . .        b - +9 sling of Terror {flame, rElec rF- rC+ rCorr}
rCold   + . .        (no shield)
rNeg    + + .        s - +2 robe of Divine Intervention {rN+ Slay+6}
rPois   inf          l - +2 helmet
rElec   +            r - +2 cloak
rCorr   +            y - +1 pair of gloves
SInv    .            u - +2 pair of boots
Will    .....        (no amulet)
Stlth   ++           d - ring of flight
HPRegen 0.30/turn    m - +6 ring of intelligence
MPRegen 0.17/turn

%: no passive effects
@: flying
A: sickness immunity, AC +7, negative energy resistance 1, electricity
resistance, torment resistance 1, petrification resistance
a: Renounce Religion


You were on level 9 of the Dungeon.
You worshipped Vehumet.
Vehumet was most pleased with you.
You visited 2 branches of the dungeon, and saw 10 of its levels.

You collected 631 gold pieces.
You spent 201 gold pieces at shops.

Inventory:

Hand Weapons
 a - a +4 dagger of speed
 b - the +9 sling of Terror (weapon) {flame, rElec rF- rC+ rCorr}
   (You bought it in a shop on level 8 of the Dungeon)

   rF-:       It makes you vulnerable to fire.
   rC+:       It protects you from cold.
   rElec:     It insulates you from electricity.
   rCorr:     It protects you from acid and corrosion.
Missiles
 e - 17 poisoned darts
 f - 66 stones
 x - 8 javelins
 C - 14 boomerangs
 H - 6 atropa-tipped darts
 N - 2 curare-tipped darts
Armour
 l - a +2 helmet (worn)
 r - a +2 cloak (worn)
 s - the +2 robe of Divine Intervention (worn) {rN+ Slay+6}
   (You found it on level 2 of the Dungeon)

   Slay+6:    It affects your accuracy & damage with ranged weapons and melee
   (+6).
   rN+:       It protects you from negative energy.
 u - a +2 pair of boots (worn)
 v - the +0 robe "Joinli Cuaps" {-Cast +Blink rElec rPois Stlth+}
   (You took it off a gnoll on level 4 of the Dungeon)

   rElec:     It insulates you from electricity.
   rPois:     It protects you from poison +Blink: It lets you blink.
   -Cast:     It prevents spellcasting.
   Stlth+:    It makes you more stealthy.
 y - a +1 pair of gloves (worn)
 K - a +2 ring mail of fire resistance
Magical Staves
 I - a staff of conjuration
Jewellery
 d - a ring of flight (left hand)
 g - a ring of positive energy
 m - a +6 ring of intelligence (right hand)
 D - a ring of magical power
 F - a ring of protection from cold
Wands
 p - a wand of flame (31)
 w - a wand of acid (2)
 B - a wand of digging (12)
 G - a wand of polymorph (12)
 J - a wand of iceblast (5)
Scrolls
 h - 2 scrolls of poison
 j - a scroll of fog
 t - a scroll of blinking
 L - a scroll of noise
Potions
 c - 4 potions of heal wounds
 i - 2 potions of ambrosia
 k - a potion of invisibility {unknown}
 n - a potion of lignification {unknown}
 o - 3 potions of enlightenment
 q - a potion of degeneration {unknown}
 z - 3 potions of curing
 E - a potion of berserk rage {unknown}
 M - a potion of might {unknown}
 O - a potion of magic


   Skills:
 - Level 6.9 Fighting
 - Level 3.0 Short Blades
 - Level 3.0 Ranged Weapons
 - Level 3.0 Dodging
 - Level 2.1 Stealth
 * Level 6.8 Spellcasting
 - Level 1.1 Conjurations
 + Level 10.3 Fire Magic


You had 6 spell levels left.
You knew the following spells:

 Your Spells              Type           Power      Damage    Failure   Level
a - Foxfire               Conj/Fire      100%       2x1d9     1%          1
b - Scorch                Fire           100%       2d9       1%          2
c - Inner Flame           Hex/Fire       37%        N/A       1%          3
d - Volatile Blastmotes   Fire/Tloc      74%        2d16      1%          3
e - Sandblast             Erth           18%        2d7       1%          1
f - Searing Ray           Conj           30%        2d5       1%          2
w - Flame Wave            Conj/Fire      40%        2d11      1%          4

Your spell library contained the following spells:

 Spells                   Type           Power      Damage    Failure   Level
 Frozen Ramparts          Ice            18%        1d3       5%          3
 Ignite Poison            Fire/Alch      37%        N/A       1%          4
 Ensorcelled Hibernation  Hex/Ice        18%        N/A       9%          2
 Fugue of the Fallen      Necr           9%         N/A       19%         3
 Freezing Cloud           Conj/Ice/Air   5%         6-21      34%         5
 Anguish                  Hex/Necr       4%         N/A       52%         4
 Cigotuvi's Dreadful Rot  Necr/Alch/Air  Unusable   N/A       N/A         2

Dungeon Overview and Level Annotations

Branches:
Dungeon (9/15) Zot: 26385  Temple (1/1) D:4 Zot: 5964
   Lair: D:8-11         Orc: D:9-12

Altars:
Ashenzari
Cheibriados
Dithmenos
Elyvilon
Fedhas
Gozag
Kikubaaqudgha
Makhleb
Nemelex Xobeh
Okawaru
Qazlal
Ru
Sif Muna
Trog
Uskayaw
Vehumet
Wu Jian
Xom
Yredelemnul
Zin

Shops:
D:8 (

Annotations:
D:8 exclusion: 2 downstairs
D:9 exclusions: door and 1 more exclusion


Innate Abilities, Weirdness & Mutations

You are immune to sickness and miasma.
Your stone body is resilient. (AC +7)
You are immune to poison.
You resist negative energy. (rN+)
You are resistant to electric shocks. (rElec)
You are resistant to unholy torment.
You are immune to petrification.


Message History

The acid dragon is almost dead.
The acid dragon's fire resistance burns away.
You hear a skittering sound.
The acid dragon is engulfed in blazing flames.
Vehumet accepts your kill.
The acid dragon explodes!
You smell burning wood.
The tree burns like a torch!
A wolf spider comes into view.
You hear a bellow!
The forest fire spreads!
Casting: Scorch (safe; 1% risk of failure)
Confirm with . or Enter, or press ? or * to list all spells.
Aiming: Inner Flame (safe; 1% risk of failure)
Press: ? - help, Dir - move target, f - wolf spider
Aim: a wolf spider (chance to affect: 88%)
The wolf spider is filled with an inner flame.
Unknown command.
The wolf spider is engulfed in a forest fire.
Flame seeps out of the wolf spider.
Casting: Inner Flame (safe; 1% risk of failure)
Confirm with . or Enter, or press ? or * to list all spells.
Flames lash the wolf spider.
Flame seeps out of the wolf spider.
The wolf spider is moderately wounded.
The wolf spider's fire resistance burns away.
The wolf spider is engulfed in a forest fire.
Flame seeps out of the wolf spider.
The forest fire spreads! x2
Unknown command.
Casting: Scorch (safe; 1% risk of failure)
Confirm with . or Enter, or press ? or * to list all spells.
Flames lash the wolf spider.
The wolf spider is burned terribly!
Flame seeps out of the wolf spider.
The wolf spider is almost dead.
The wolf spider is engulfed in blazing flames.
Vehumet accepts your kill.
You feel your power returning.
The wolf spider explodes!
You smell burning wood.
The tree burns like a torch!
The fiery explosion engulfs you!!! The fire burns you terribly!
Ouch! That really hurt!
You die...

▒........ ▒........
▒.......▒▒ ▒........▒
▒........▒ ▒........▒
▒........▒ ▒▒▒▒7.7▒▒▒▒▒ ▒▒▒▒▒
▒........▒ .B.?..D..D.7.▒##97
▒.......▒▒ )7
77.7..77.###☼#.7▒........▒
..7 77 77####77.......>..▒
7..7 ..####.7.7▒........▒
7..7 7..#▒#7.77▒........▒
▒▒▒▒▒▒▒▒▒▒▒▒▒▒▒▒▒▒▒▒........▒
........▒.▒▒▒▒▒.▒▒.........▒▒
▒.............▒..<....)...▒▒
..▒▒▒▒▒▒...).........▒▒▒▒▒▒


There were no monsters in sight!

Vanquished Creatures
  2 two-headed ogres
  A wolf spider (D:9)
  A hornet (D:8)
  Eustachio (D:5)
  3 water moccasins
  2 acid dragons (D:9)
  2 orc warriors (D:9)
  A sky beast (D:7)
  An ogre (D:5)
  A black bear (D:5)
  3 ice beasts
  A phantom (D:6)
  A centaur (D:9)
  3 kobold brigands
  A bullfrog (D:6)
  A scorpion (D:6)
  A gnoll sergeant (D:7)
  A bombardier beetle (D:4)
  A jelly (D:5)
  A gnoll bouda (D:4)
  4 orc priests
  6 hounds
  4 iguanas
  A sleepcap (D:6)
  Ijyb (D:4)
  8 orc wizards
  20 gnolls
  9 adders
  2 white imps (D:6)
  3 dart slugs
  2 ribbon worms
  30 orcs
  9 ball pythons
  7 endoplasms
  5 giant cockroaches
  14 goblins
  11 hobgoblins
  2 jackals (D:4)
  15 kobolds
  4 quokkas
  8 bats
  4 frilled lizards
  5 rats
203 creatures vanquished.

Vanquished Creatures (others)
  413 foxfires
413 creatures vanquished.

Grand Total: 616 creatures vanquished

Notes
Turn   | Place    | Note
-------+----------+-------------------------------------------
     0 | D:1      | shmup the Gargoyle Fire Elementalist began the quest for
                  | the Orb.
     0 | D:1      | Reached XP level 1. HP: 10/10 MP: 3/3
   368 | D:1      | Reached XP level 2. HP: 15/15 MP: 3/5
   762 | D:1      | Reached skill level 4 in Fire Magic
   840 | D:1      | Reached XP level 3. HP: 16/19 MP: 3/6
  1545 | D:2      | Learned a level 2 spell: Scorch
  1762 | D:2      | Reached XP level 4. HP: 24/24 MP: 4/7
  2151 | D:2      | Identified the +2 robe of Divine Intervention {rN+ Slay+6}
  2461 | D:2      | Reached skill level 5 in Fire Magic
  2714 | D:3      | Noticed a kobold brigand
  2737 | D:3      | Killed a kobold brigand
  2738 | D:3      | Reached XP level 5. HP: 28/28 MP: 0/8
  2873 | D:3      | Found a radiant altar of Vehumet.
  2877 | D:3      | Found a shimmering altar of Xom.
  2882 | D:3      | Reached skill level 6 in Fire Magic
  2935 | D:3      | Learned a level 3 spell: Inner Flame
  2976 | D:3      | Found a faded altar of an unknown god.
  3024 | D:3      | Found a white marble altar of Elyvilon.
  3025 | D:3      | Found a sparkling altar of Nemelex Xobeh.
  3026 | D:3      | Found a blossoming altar of Fedhas.
  3027 | D:3      | Became a worshipper of Vehumet
  3029 | D:3      | Found an ancient bone altar of Kikubaaqudgha.
  3029 | D:3      | Found a snail-covered altar of Cheibriados.
  3032 | D:3      | Found a burning altar of Makhleb.
  3035 | D:3      | Found a bloodstained altar of Trog.
  3601 | D:4      | Reached skill level 1 in Fighting
  3617 | D:4      | Reached XP level 6. HP: 34/34 MP: 0/9
  3991 | D:4      | Learned a level 3 spell: Volatile Blastmotes
  4106 | D:4      | Noticed Ijyb
  4126 | D:4      | Reached * piety under Vehumet
  4126 | D:4      | Offered knowledge of Sandblast by Vehumet.
  4128 | D:4      | Killed Ijyb
  4295 | D:4      | Found a staircase to the Ecumenical Temple.
  4305 | Temple   | Entered the Ecumenical Temple
  4455 | D:4      | Identified the +0 robe "Joinli Cuaps" {-Cast +Blink rElec
                  | rPois Stlth+}
  4826 | D:4      | Reached XP level 7. HP: 41/41 MP: 10/12
  5394 | D:5      | Entered Level 5 of the Dungeon
  5525 | D:5      | Found an iron altar of Okawaru.
  5563 | D:5      | Reached skill level 7 in Fire Magic
  5656 | D:5      | Noticed Eustachio
  5839 | D:5      | Killed Eustachio
  5840 | D:5      | Reached XP level 8. HP: 46/46 MP: 8/14
  5905 | D:5      | Reached skill level 8 in Fire Magic
  5907 | D:5      | Learned a level 1 spell: Sandblast
  6786 | D:6      | Offered knowledge of Sting by Vehumet.
  6916 | D:6      | Reached skill level 5 in Spellcasting
  6919 | D:6      | Reached ** piety under Vehumet
  6951 | D:6      | Reached skill level 5 in Fighting
  7938 | D:6      | Reached XP level 9. HP: 52/55 MP: 5/17
  8251 | D:7      | Offered knowledge of Searing Ray by Vehumet.
  8607 | D:7      | Reached *** piety under Vehumet
  8894 | D:7      | Learned a level 2 spell: Searing Ray
  8899 | D:7      | Learned a level 4 spell: Flame Wave
  8899 | D:7      | Upgraded the game from 0.31.0 to 0.31.0-4-g52a2dc7128
  9197 | D:8      | Noticed a hornet
  9205 | D:8      | Killed a hornet
  9206 | D:8      | Reached skill level 1 in Short Blades
  9383 | D:8      | Found an ornate altar of the Wu Jian Council.
  9681 | D:8      | Noticed a two-headed ogre
  9693 | D:8      | Killed a two-headed ogre
  9695 | D:8      | Reached skill level 9 in Fire Magic
  9896 | D:8      | Found Vyasy's Antique Weapon Shop.
  9905 | D:8      | Bought a bloodstained sling for 201 gold pieces
  9905 | D:8      | Identified the +9 sling of Terror {flame, rElec rF- rC+
                  | rCorr} (You bought it in a shop on level 8 of the Dungeon)
 10078 | D:8      | Found a shimmering blue altar of Sif Muna.
 10171 | D:9      | Noticed a two-headed ogre
 10186 | D:8      | Reached skill level 1 in Ranged Weapons
 10186 | D:8      | Reached XP level 10. HP: 55/61 MP: 11/19
 10323 | D:9      | Offered knowledge of Frozen Ramparts by Vehumet.
 10463 | D:9      | Noticed a two-headed ogre
 10468 | D:9      | Killed a two-headed ogre
 10469 | D:9      | Reached skill level 10 in Fire Magic
 10590 | D:9      | Noticed an entropy weaver
 10714 | D:9      | Noticed a wolf spider
 10718 | D:9      | Killed a wolf spider
 10718 | D:9      | Killed by an exploding wolf spider... ignited by their
                  | inner flame

Illustrated notes

Levels and vault maps discovered:
D:1:      minmay_arrival_cross, layout_loops_ring,
          chequers_serial_rivers_micro_b
D:2:      layout_basic
D:3:      cheibrodos_thug_alley, layout_rooms,
          nicolae_overflow_hallway_of_the_gods,
          hellmonk_ecumenical_altar_arch_garden
D:4:      cheibrodos_old_hovel, layout_gridville,
          minmay_temple_entry_nine_rooms, nrook_loot_triangle,
          dreamdust_gnoll_farm, uniq_ijyb
D:5:      layout_loops_cross, okawaru_ov_weapons_minmay, uniq_eustachio
D:6:      layout_layer_cave
D:7:      layout_rooms, enter_bailey_3, moated_statue
D:8:      layout_loops_ring, led_sif_pool, overflow_temple_1_default,
          serial_shops, nicolae_shop_just_a_little_nook, serial_park_tiny_pond
D:9:      nzn_winding_woodlands_large [nzn_winding_woodlands_5x5_checkerboard,
          nzn_winding_woodlands_5x15_eye, nzn_winding_woodlands_hourglass,
          nzn_winding_woodlands_center_triple_pond,
          nzn_winding_woodlands_15x15_killbox,
          nzn_winding_woodlands_center_garden,
          nzn_winding_woodlands_5x5_default, nzn_winding_woodlands_5x15_pockets,
          nzn_winding_woodlands_5x5_closed_star], layout_rooms,
          hiddenorc1_lemuel, serial_shops, shop
Temple:   hellmonk_temple_forest_ring

Skill      XL: |  1  2  3  4  5  6  7  8  9 10 |
---------------+-------------------------------+-----
Fire Magic     | 4 5 6 7 8 9 10 | 10.3
Fighting       | 1 3 5 6 |  6.9
Spellcasting   | 3 4 5 6 |  6.8
Short Blades   | 3 |  3.0
Dodging        | 3 |  3.0
Ranged Weapons | 1 3 |  3.0
Stealth        | |  2.1
Conjurations   | |  1.1

Action                     |  1- 3 |  4- 6 |  7- 9 | 10-12 || total
---------------------------+-------+-------+-------+-------++-------
  Melee: Unarmed           |    13 |       |       |       ||    13
         Dagger            |     3 |     7 |    17 |       ||    27
         Punch             |     1 |       |     1 |       ||     2
   Fire: Sling             |       |       |     3 |     5 ||     8
   Cast: Foxfire           |    53 |    81 |    99 |    11 ||   244
         Scorch            |     2 |    20 |    69 |    14 ||   105
         Volatile Blastmot |       |       |    12 |     2 ||    14
         Inner Flame       |       |       |     7 |     9 ||    16
    Use: Scroll            |     4 |    12 |     2 |     4 ||    22
   Stab: Sleeping          |       |     1 |       |       ||     1
 Armour: Robe              |    39 |    19 |    89 |     5 ||   152
  Dodge: Dodged            |    30 |    18 |    47 |     4 ||    99
